AoeStats
← Horizon

Arabia

508270065Analyzed
1v1 RM · 11d ago on Sep 21, 2026· 35m 36s· 2 players
Game mode
Random Map
Map size
Tiny (2 player)
Population
200
Speed
Normal
Resources
Standard
Victory
Conquest
Starting age
Dark Age
Ending age
Imperial Age
RankedLock teamsTeams togetherTeam positionsShared explorationLock speedFull tech treeHidden civsTurbo modeCheats
Victory
Defeat
🇦🇷 Aztecs · Argentina
1445
+18
🇵🇰 Italians · Pakistan
1491
-18
TinchoAoE
7:22 Loom
9:51 Feudal Age
10:00 Man-at-Arms
16:27 Double-Bit Axe
19:18 Fletching
25:11 Castle Age
23:09 Horse Collar
23:33 Gold Mining
23:50 Scale Mail Armor
25:14 Eagle Warrior
25:55 Squires
27:03 Chain Mail Armor
28:51 Arson
29:40 Forging
33:34 Bow Saw
33:54 Pikeman
35:55 Iron Casting
Horizon
3:23 Loom
5:50 Loom
9:14 Feudal Age
10:09 Double-Bit Axe
15:53 Fletching
18:25 Scale Barding Armor
19:08 Padded Archer Armor
20:03 Horse Collar
24:35 Castle Age
25:28 Bodkin Arrow
24:54 Crossbowman
26:17 Scale Mail Armor
26:32 Leather Archer Armor
27:16 Ballistics
29:44 Forging
Connection lost

Rejoining the realm…

Still unreachable

The connection could not be restored.

Session expired

The server has moved on; the page needs a fresh start.